 Dungeon Crawl Stone Soup version 0.15-a0-1224-g3833f9c (webtiles) character file.

17740 Mindmaker the Arsonist (level 12, 0/74 HPs)
             Began as a Human Fire Elementalist on May 29, 2014.
             Was a High Priest of Vehumet.
             Slain by Rupert
             ... wielding a +1,+2 great sword of holy wrath
              (22 damage)
             ... on Level 3 of the Lair of Beasts on June 2, 2014.
             The game lasted 02:02:53 (18095 turns).

Mindmaker the Arsonist (Human Fire Elementalist)   Turns: 18095, Time: 02:02:53

HP   0/74        AC 12     Str  9      XL: 12   Next: 86%
MP   6/24        EV 17     Int 26      God: Vehumet [*****.]
Gold 294         SH  8     Dex 14      Spells:  6 memorised,  4 levels left

rFire  + . .     SeeInvis .     M - +1,+0 dagger (elec)
rCold  . . .     Clarity  .     T - +2 robe of Psuky {rF+}
rNeg   + . .     rCorr    .     K - +0 buckler
rPois  .         rRot     .     B - +2 hat {Int+3}
rElec  .         Spirit   .     r - +2 cloak {+Inv}
SustAb .         Warding  .     t - +0 pair of gloves
rMut   .         Stasis   .     E - +1 pair of boots {run}
Gourm  .                        k - amulet of faith
MR     .....                    S - +3 ring of intelligence
                                N - ring of positive energy

@: very slightly contaminated, quick, not resistant to hostile enchantments,
unstealthy
A: no striking features
a: Renounce Religion, Evoke Invisibility


You were on level 3 of the Lair of Beasts.
You worshipped Vehumet.
Vehumet was extremely pleased with you.
You were near starving.

You visited 4 branches of the dungeon, and saw 15 of its levels.

You collected 880 gold pieces.
You spent 586 gold pieces at shops.

Inventory:

Hand weapons
 d - a +2,+4 scimitar
 H - a +2,+1 short sword of protection
 M - a +1,+0 dagger of electrocution (weapon)
Armour
 r - a +2 cloak of darkness (worn)
 t - a +0 pair of gloves (worn)
 v - the +4 helmet of the Clouds {rN+ Str+2}
   (You found it on level 4 of the Dungeon)

   It affects your strength (+2).
   It protects you from negative energy.
 B - a +2 hat of intelligence (worn)
 E - a +1 pair of boots of running (worn)
 K - a +0 buckler (worn)
 T - the +2 robe of Psuky (worn) {rF+}
   (You found it on level 1 of the Lair of Beasts)

   It protects you from fire.
Magical devices
 x - a wand of digging (23)
Comestibles
 c - 13 bread rations
 g - 4 meat rations
 I - 6 beef jerkies
 R - 9 fruits
Scrolls
 f - a scroll of identify
 h - 7 scrolls of teleportation
 i - 4 scrolls of blinking
 s - 3 scrolls of magic mapping
 z - 3 scrolls of remove curse
 C - 2 scrolls of immolation
 Q - 3 scrolls of fog
Jewellery
 k - an amulet of faith (around neck)
 o - an uncursed amulet of warding
 p - an uncursed ring of ice
 w - an uncursed amulet of stasis
 N - a ring of positive energy (left hand)
 O - an uncursed amulet of resist corrosion {unknown}
 S - a +3 ring of intelligence (right hand)
Potions
 e - 4 potions of brilliance
 j - 3 potions of porridge
 l - a potion of confusion {unknown}
 m - 3 potions of curing
 A - a potion of mutation {unknown}
 D - 2 potions of paralysis {unknown}
 G - 2 potions of heal wounds
 J - 3 potions of agility
 L - 2 potions of haste
 P - a potion of resistance {unknown}
 V - a potion of invisibility {unknown}
Books
 a - a Grand Grimoire {highlevel, unknown}

   This book is beyond your current level of understanding.

   Spells                             Type                      Level
   Aura of Abjuration                 Summoning                    6
   Forceful Dismissal                 Summoning                    6
   Haunt                              Necromancy/Summoning         7
   Summon Greater Demon               Summoning                    7
   Malign Gateway                     Summoning/Translocation      7
   Summon Horrible Things             Summoning                    8
 b - a book of Flames

   Spells                             Type                      Level
   *Flame Tongue                      Conjuration/Fire             1
   *Throw Flame                       Conjuration/Fire             2
   *Conjure Flame                     Conjuration/Fire             3
   Inner Flame                        Hexes/Fire                   3
   *Sticky Flame                      Conjuration/Fire             4
   *Fireball                          Conjuration/Fire             5
 n - a book of Conjurations

   Spells                             Type                      Level
   Magic Dart                         Conjuration                  1
   Searing Ray                        Conjuration                  2
   Dazzling Spray                     Conjuration/Hexes            3
   Fulminant Prism                    Conjuration/Hexes            4
   Iskenderun's Mystic Blast          Conjuration                  4
   Iskenderun's Battlesphere          Conjuration/Charms           5
 q - a book of Annihilations {highlevel, unknown}

   This book is beyond your current level of understanding.

   Spells                             Type                      Level
   Poison Arrow                       Conjuration/Poison           6
   Chain Lightning                    Conjuration/Air              8
   Lehudib's Crystal Spear            Conjuration/Earth            8
   Glaciate                           Conjuration/Ice              9
   Fire Storm                         Conjuration/Fire             9


   Skills:
 - Level 10.0 Dodging
 - Level 2.0 Stealth
 - Level 1.2 Shields
 - Level 5.2 Spellcasting
 + Level 11.9 Conjurations
 - Level 12.0 Fire Magic


You had 4 spell levels left.
You knew the following spells:

 Your Spells              Type           Power        Failure   Level  Hunger
a - Flame Tongue          Conj/Fire      #####        1%          1    None
b - Throw Flame           Conj/Fire      ######       1%          2    None
c - Conjure Flame         Conj/Fire      ######..     1%          3    ##.....
d - Sticky Flame          Conj/Fire      ######..     1%          4    ###....
e - Fireball              Conj/Fire      ######....   1%          5    #####..
f - Delayed Fireball      Conj/Fire      N/A          17%         7    #######


Dungeon Overview and Level Annotations

Branches:
Dungeon (10/15)            Temple (1/1) D:4            Lair (3/8) D:10
    Orc: D:9-12       Swamp: Lair:3-6    Shoals: Lair:3-6     Snake: Lair:3-6
 Spider: Lair:3-6

Altars:
Ashenzari
Cheibriados
Dithmenos
Elyvilon
Fedhas
Gozag
Kikubaaqudgha
Makhleb
Nemelex Xobeh
Okawaru
Qazlal
Sif Muna
Trog
Vehumet
Xom
Yredelemnul
Zin
The Shining One

Shops:
D:5 [   D:6 (   D:7 *   D:8 !   D:10 ?

Portals:
Trove: D:10 (show horn of Geryon)

Annotations:
Orc:1 Blork the orc
Lair:3 Rupert


Message History

Casting: Throw Flame
Confirm with . or Enter, or press ? or * to list all spells.
Aiming: Flame Tongue
Press: ? - help, Shift-Dir - straight line, f/p - Rupert
Aim: Rupert, wielding a glowing great sword and wearing a scale mail (almost dead, berserk, covered in liquid flames)
The flame tongue hits Rupert.
Rupert appears unharmed.
Rupert is almost dead.
Rupert burns!
Casting: Flame Tongue
Confirm with . or Enter, or press ? or * to list all spells.
Aiming: Flame Tongue
Press: ? - help, Shift-Dir - straight line, f/p - Rupert
Aim: Rupert, wielding a glowing great sword and wearing a scale mail (almost dead, berserk, covered in liquid flames)
The flame tongue hits Rupert.
Rupert appears unharmed.
Rupert is almost dead.
Rupert burns!
Rupert burns!
Rupert burns!
Rupert hits you with a glowing great sword!!
You die...

..............♣.♣.P...♣.♣..%.....
....>.%.....♣♣...........♣.......
#..#P.##..##..P.P...............#
#########.#P....P....P....♣♣.....
##.#........[.......♣....#
#......PP......P.........#
##........#####......../.#
#......%@#)..#....P.....#
#....P..@'...#..........(
#........#..[#..P........
##P......#####......♣...#
♣♣.................♣...#
#.P......P.............#
##.♣..............♣....#
#..........)....♣.)...#
##............P♣♣.....#
##P....P...P♣.%#.....#


You could see Rupert (berserk).

Vanquished Creatures
  Fannar (Lair:3)
  An unseen horror (D:10)
  A hill giant (D:8)
  Pikel (D:7)
  2 oklob plants (Lair:1)
  A griffon (Lair:2)
  An elephant (D:10)
  6 spiny frogs
  A komodo dragon (Lair:1)
  A troll (D:10)
  A basilisk (Lair:3)
  4 yaks (Lair:2)
  A wyvern (D:10)
  2 elephant slugs
  Eustachio (D:4)
  A spriggan (Lair:3)
  4 hippogriffs
  Edmund (D:4)
  Menkaure (D:7)
  3 wolves (Lair:2)
  4 water moccasins
  A mottled dragon (D:4)
  4 porcupines
  2 slaves (D:7)
  An orc warrior (D:9)
  2 yellow wasps
  2 sky beasts
  6 ogres
  3 ice beasts
  4 crocodiles
  A boring beetle (Lair:3)
  2 phantoms
  8 centaurs
  A necrophage (D:8)
  15 big kobolds
  Duvessa (D:7)
  A giant slug (Lair:3)
  10 giant frogs
  A cyclops zombie (D:8)
  4 gnoll sergeants
  An eye of draining (D:9)
  4 scorpions
  11 killer bees
  2 wights (D:9)
  Dowan (D:7)
  6 crimson imps
  8 orc priests
  A giant frog zombie (D:8)
  Crazy Yiuf (D:2)
  17 hounds
  A jelly (D:6)
  4 iguanas
  4 orange rats
  10 worker ants
  2 gnoll shamans
  11 orc wizards
  A sheep (D:10)
  A sheep (shapeshifter) (D:8)
  Ijyb (D:2)
  Jessica (D:2)
  An ogre skeleton (D:8)
  A hound skeleton (D:9)
  17 gnolls
  7 adders
  37 green rats
  An inept feature mimic (D:6)
  2 giant mites
  7 worms
  2 oozes
  5 giant geckos
  49 orcs
  17 bats
  20 goblins
  13 hobgoblins
  31 kobolds
  12 quokkas
  9 giant cockroaches
  9 giant newts
  A giant spore (D:8)
  A gnoll skeleton (D:4)
  23 jackals
  2 kobold skeletons
  An orc skeleton (D:8)
  An orc zombie (D:6)
  A quokka skeleton (D:6)
  25 rats
  2 ballistomycetes (D:8)
  5 plants (Lair:1)
498 creatures vanquished.

Vanquished Creatures (others)
  A big kobold (D:8)
1 creature vanquished.

Grand Total: 499 creatures vanquished

Notes
Turn   | Place    | Note
--------------------------------------------------------------
     0 | D:1      | Mindmaker, the Human Fire Elementalist, began the quest for the Orb.
     0 | D:1      | Reached XP level 1. HP: 13/13 MP: 3/3
   389 | D:1      | Reached XP level 2. HP: 16/19 MP: 2/4
   651 | D:1      | Reached XP level 3. HP: 16/24 MP: 6/6
   780 | D:1      | Learned a level 2 spell: Throw Flame
   784 | D:1      | Learned a level 3 spell: Conjure Flame
  1533 | D:2      | Found a bloodstained altar of Trog.
  1650 | D:2      | Noticed Jessica
  1669 | D:2      | Killed Jessica
  1841 | D:2      | Reached XP level 4. HP: 30/30 MP: 3/7
  2097 | D:2      | Noticed Ijyb
  2141 | D:2      | Killed Ijyb
  2141 | D:2      | Reached skill level 4 in Fire Magic
  2547 | D:2      | Found a burning altar of Makhleb.
  2697 | D:2      | Noticed Crazy Yiuf
  2826 | D:2      | Killed Crazy Yiuf
  2826 | D:2      | Reached XP level 5. HP: 25/35 MP: 0/9
  3172 | D:3      | Found a shimmering altar of Xom.
  3199 | D:3      | Found a snail-covered altar of Cheibriados.
  3659 | D:4      | Reached XP level 6. HP: 33/41 MP: 10/10
  3909 | D:4      | Noticed a mottled dragon
  3909 | D:4      | a scorpion changed into a mottled dragon
  3911 | D:4      | Killed a mottled dragon
  3911 | D:4      | Reached skill level 5 in Fire Magic
  4010 | D:4      | Got a shimmering helmet
  4054 | D:3      | Identified the +4 helmet of the Clouds {rN+ Str+2} (You found it on level 4 of the Dungeon)
  4295 | D:4      | Noticed an ogre
  4436 | D:4      | Reached XP level 7. HP: 46/46 MP: 3/12
  4463 | D:4      | Reached skill level 6 in Fire Magic
  4501 | D:4      | Noticed Eustachio
  4611 | D:4      | Killed Eustachio
  4611 | D:4      | Reached skill level 5 in Conjurations
  4753 | D:4      | Learned a level 4 spell: Sticky Flame
  4863 | D:4      | Reached XP level 8. HP: 52/52 MP: 13/13
  4908 | D:4      | Noticed Edmund
  5321 | D:4      | Killed Edmund
  5483 | D:4      | Killed an ogre
  5626 | D:4      | Found a staircase to the Ecumenical Temple.
  5673 | D:5      | Entered Level 5 of the Dungeon
  5693 | Temple   | Entered the Ecumenical Temple
  5741 | Temple   | Became a worshipper of Vehumet
  6293 | D:5      | Found Rauj Cliqa's Antique Armour Emporium.
  6301 | D:5      | Bought a pair of glowing boots for 117 gold pieces
  6304 | D:5      | Identified a +1 pair of boots of running (You bought it in a shop on level 5 of the Dungeon)
  6372 | D:5      | Reached skill level 5 in Dodging
  6499 | D:5      | Found a shattered altar of Ashenzari.
  6661 | D:5      | Found a basalt altar of Yredelemnul.
  6688 | D:5      | Reached skill level 7 in Fire Magic
  6723 | D:5      | Acquired Vehumet's first power
  6723 | D:5      | Offered knowledge of Sting by Vehumet.
  6872 | D:5      | Reached XP level 9. HP: 32/57 MP: 1/14
  7212 | D:6      | Found a stormy altar of Qazlal.
  7374 | D:6      | Found Qeaseat's Weapon Shop.
  7448 | D:6      | Reached skill level 8 in Fire Magic
  7565 | D:6      | Offered knowledge of Magic Dart by Vehumet.
  7836 | D:6      | Found a white marble altar of Elyvilon.
  8166 | D:6      | Found an iron altar of Okawaru.
  8261 | D:7      | Noticed Menkaure
  8464 | D:7      | Offered knowledge of Static Discharge by Vehumet.
  8552 | D:7      | Found an opulent altar of Gozag.
  8554 | D:7      | Found Gozag's Platinum Reserve.
  8575 | D:7      | Noticed Dowan
  8576 | D:7      | Noticed Duvessa
  8602 | D:7      | Killed Duvessa
  8602 | D:7      | Reached skill level 5 in Spellcasting
  8629 | D:7      | Acquired Vehumet's second power
  8702 | D:7      | Found a deep blue altar of Sif Muna.
  8709 | D:7      | Learned a level 5 spell: Fireball
  8808 | D:7      | Noticed Pikel
  8895 | D:7      | Killed Pikel
  8895 | D:7      | Reached XP level 10. HP: 46/63 MP: 22/22
  8938 | D:7      | Killed Dowan
  9008 | D:7      | Killed Menkaure
  9008 | D:7      | Reached skill level 9 in Conjurations
  9136 | D:8      | Offered knowledge of Stone Arrow by Vehumet.
  9283 | D:8      | Noticed a hill giant
  9428 | D:8      | Killed a hill giant
  9442 | D:8      | Reached skill level 10 in Fire Magic
  9553 | D:8      | Acquired Vehumet's third power
  9805 | D:8      | Offered knowledge of Lightning Bolt by Vehumet.
  9986 | D:8      | Reached XP level 11. HP: 58/68 MP: 23/23
 10051 | D:8      | Found Pryubbouk's Distillery.
 10060 | D:8      | Bought a potion of agility for 37 gold pieces
 10060 | D:8      | Bought a potion of haste for 105 gold pieces
 10145 | D:8      | Reached skill level 10 in Conjurations
 10459 | D:8      | Bought 2 potions of porridge for 30 gold pieces
 10487 | D:8      | Upgraded the game from 0.15-a0-1119-g9b3a599 to 0.15-a0-1224-g3833f9c
 10673 | D:9      | Offered knowledge of Force Lance by Vehumet.
 10895 | D:9      | Found a glowing silver altar of Zin.
 11266 | D:9      | Found a staircase to the Orcish Mines.
 11450 | D:10     | Entered Level 10 of the Dungeon
 11772 | Orc:1    | Entered Level 1 of the Orcish Mines
 11772 | Orc:1    | Noticed Blork the orc
 12601 | D:10     | Noticed an unseen horror
 12611 | D:10     | Killed an unseen horror
 12733 | D:10     | Offered knowledge of Spellforged Servitor by Vehumet.
 13118 | D:10     | Found a portal to a secret trove of treasure.
 13390 | D:10     | Found a staircase to the Lair.
 13790 | D:10     | Found Bluath's Magic Scroll Emporium.
 13805 | D:10     | Bought a scroll of teleportation for 45 gold pieces
 13805 | D:10     | Bought a scroll of identify for 30 gold pieces
 13805 | D:10     | Bought a scroll of remove curse for 45 gold pieces
 13805 | D:10     | Bought 2 scrolls of fog for 60 gold pieces
 14049 | D:5      | Bought a buckler for 117 gold pieces
 14178 | Lair:1   | Entered Level 1 of the Lair of Beasts
 14218 | Lair:1   | Reached skill level 1 in Shields
 14465 | Lair:1   | Offered knowledge of Conjure Ball Lightning by Vehumet.
 14465 | Lair:1   | Reached skill level 10 in Dodging
 14465 | Lair:1   | Reached XP level 12. HP: 74/74 MP: 20/24
 14864 | Lair:1   | Reached skill level 11 in Fire Magic
 14949 | Lair:1   | Got a tattered robe
 14955 | Lair:1   | Identified the +2 robe of Psuky {rF+} (You found it on level 1 of the Lair of Beasts)
 15364 | Lair:1   | Noticed an oklob plant
 15364 | Lair:1   | Noticed an oklob plant
 15399 | Lair:1   | Killed an oklob plant
 15713 | Lair:1   | Killed an oklob plant
 17178 | Lair:2   | Reached skill level 12 in Fire Magic
 17308 | Lair:3   | Noticed Rupert
 17316 | Lair:3   | Paralysed by Rupert for 4 turns
 17483 | Lair:3   | Offered knowledge of Delayed Fireball by Vehumet.
 17516 | Lair:3   | Learned a level 7 spell: Delayed Fireball
 17622 | Lair:3   | Noticed Fannar
 17783 | Lair:3   | Killed Fannar
 18053 | Lair:3   | Paralysed by Rupert for 5 turns
 18066 | Lair:3   | Paralysed by Rupert for 7 turns
 18095 | Lair:3   | Slain by Rupert

Action                   |  1- 3 |  4- 6 |  7- 9 | 10-12 || total
-------------------------+-------+-------+-------+-------++-------
Melee: Mace              |    32 |       |       |       ||    32
       Unarmed           |     6 |       |       |       ||     6
       Short sword       |    39 |       |       |       ||    39
       Dagger            |       |    14 |       |   282 ||   296
       Quarterstaff      |       |    91 |   235 |   416 ||   742
 Cast: Flame Tongue      |    30 |    39 |    34 |   303 ||   406
       Throw Flame       |       |    11 |    90 |   109 ||   210
       Conjure Flame     |       |     2 |       |     2 ||     4
       Sticky Flame      |       |       |     7 |    47 ||    54
       Fireball          |       |       |       |    33 ||    33
Evoke: Wand              |       |     1 |     3 |     3 ||     7
  Use: Scroll            |       |    11 |     3 |     6 ||    20
       Potion            |       |     3 |       |     5 ||     8
 Stab: Sleeping          |     2 |     2 |     2 |     3 ||     9
       Paralysed         |       |       |     3 |     3 ||     6
       Distracted        |       |       |       |     1 ||     1
       Petrifying        |       |       |       |     1 ||     1
